 Dungeon Crawl Stone Soup version 0.29.1-13-g9f3cf754e1 (webtiles) character file.

Game seed: 668349568643288157

543 kingofthe the Covered (level 7, -6/62 HPs)
             Began as a Minotaur Fighter on Jan 23, 2023.
             Mangled by Pikel
             ... wielding a +1 whip of flaming
              (8 damage)
             ... on level 4 of the Dungeon.
             The game lasted 00:07:56 (2667 turns).

kingofthe the Covered (Minotaur Fighter)            Turns: 2667, Time: 00:07:56

Health: -6/62      AC:  7    Str: 21    XL:     7   Next: 6%
Magic:  6/6        EV: 11    Int:  5    God:
Gold:   103        SH:  0    Dex: 11    Spells: 6/6 levels left

rFire   . . .      SeeInvis .   a - +6 club (spect)
rCold   . . .      Faith    .   p - orb {*Rage}
rNeg    . . .      Spirit   .   v - +0 scale mail
rPois   .          Reflect  .   (helmet restricted)
rElec   .          Harm     .   (no cloak)
rCorr   .          Rampage  .   (no gloves)
Will    .....      Rage     20% (no boots)
Stlth   ..........              y - amulet of magic regeneration
HPRegen 0.20/turn               (no ring)
MPRegen 0.50/turn               (no ring)

@: on berserk cooldown, hasted, very quick
A: horns 2, retaliatory headbutt
a: no special abilities


You were on level 4 of the Dungeon.
You visited 1 branch of the dungeon, and saw 4 of its levels.

You collected 103 gold pieces.

Inventory:

Hand Weapons
 a - a +6 spectral club (weapon)
 b - the +10 flail of the Three Continents {vorpal, Str+2 Int-2 Dex+4}
   (You found it on level 2 of the Dungeon)

   It inflicts extra damage upon your enemies.
   Str:       It affects your strength (+2).
   Int:       It affects your intelligence (-2).
   Dex:       It affects your dexterity (+4).
 m - a +0 trident
 q - a +1 vampiric dagger
 x - a +1 vorpal spear
Armour
 c - a +0 buckler
 p - an orb of wrath (worn)
 v - a +0 scale mail (worn)
 A - an orb of guile
Magical Staves
 h - a staff of conjuration
Jewellery
 y - an amulet of magic regeneration (around neck)
Scrolls
 g - a scroll of silence {unknown}
 i - a scroll of teleportation {unknown}
 j - 2 scrolls of identify {unknown}
 l - a scroll of amnesia {unknown}
 o - a scroll of immolation {unknown}
 t - a scroll of brand weapon {unknown}
 w - a scroll of fear {unknown}
 B - a scroll of vulnerability {unknown}
Potions
 d - 2 potions of might
 e - a potion of resistance {unknown}
 f - 2 potions of heal wounds {unknown}
 k - 2 potions of attraction {unknown}
 n - 2 potions of flight {unknown}
 r - 2 potions of haste
 s - 2 potions of invisibility {unknown}
 u - a potion of mutation {unknown}
 z - 2 potions of degeneration {unknown}


   Skills:
 + Level 5.7 Fighting
 + Level 3.5 Maces & Flails
 - Level 3.2 Polearms
 + Level 5.8 Armour
 + Level 3.5 Dodging
 - Level 4.0 Shields


You had 6 spell levels left.
You didn't know any spells.
Your spell library contained the following spells:

 Spells                   Type           Power      Damage    Failure   Level
 Ozocubu's Armour         Ice            0%         N/A       99%         3
 Animate Dead             Necr           0%         N/A       100%        4
 Borgnjor's Vile Clutch   Necr/Erth      0%         N/A       100%        5
 Death Channel            Necr           0%         N/A       100%        6
 Ozocubu's Refrigeration  Ice            0%         4d7       100%        7


Dungeon Overview and Level Annotations

Branches:
Dungeon (4/15)
 Temple: D:4-7

Altars:

Annotations:
D:4 Pikel


Innate Abilities, Weirdness & Mutations

You have a pair of horns on your head.
You reflexively headbutt those who attack you in melee.


Message History

The orc wizard barely misses you.
Pikel hits you with a +1 whip of flaming.
Pikel burns you.
The orc wizard attacks as you move away!
The orc wizard hits you but does no damage.
Pikel misses you.
You are too confused!
You are too confused!
You are too confused!
You miss Pikel.
Pikel is lightly wounded.
You feel yourself speed up.
Pikel hits you with a +1 whip of flaming.
Pikel burns you. Pikel hits you but does no damage.
You hit Pikel. You headbutt Pikel!
Pikel is heavily wounded.
You feel less confused. Pikel closely misses you.
You hit Pikel.
Pikel is heavily wounded.
Pikel hits you with a +1 whip of flaming!
Pikel burns you.
You hit Pikel.
Pikel is severely wounded.
The orc wizard mumbles some strange words.
The orc wizard flickers and vanishes!
Deactivating autopickup; reactivate with Ctrl-A.
Pikel hits you with a +1 whip of flaming!
* * * LOW HITPOINT WARNING * * *
Pikel burns you.
* * * LOW HITPOINT WARNING * * *
You hit Pikel. Your headbutt misses Pikel.
Pikel is severely wounded.
Pikel hits you with a +1 whip of flaming.
* * * LOW HITPOINT WARNING * * *
Pikel burns you.
* * * LOW HITPOINT WARNING * * *
It was a potion of haste.
You feel yourself speed up.
Pikel hits you with a +1 whip of flaming!
You die... ......# .....# ...># ...# oo#

#######5####...
......o5{o.....
#######K####.#.
.. #@# .####.#
..##.# #.##.#
#######.##.####.#
................#
######.##.######
#.#..# #.# #.#.##


You could see Pikel, 2 lemures and 3 orcs.

Vanquished Creatures
  Grinder (D:3)
  An ogre (D:3)
  A lemure (D:4)
  An orc priest (D:3)
  Jessica (D:2)
  An orc wizard (D:4)
  Robin (D:3)
  5 adders
  A worm (D:2)
  3 dart slugs
  16 orcs
  8 ball pythons
  4 endoplasms
  3 giant cockroaches
  12 goblins
  6 hobgoblins
  2 jackals (D:1)
  11 kobolds
  3 quokkas
  6 bats
  5 frilled lizards
  7 rats
99 creatures vanquished.

Notes
Turn   | Place    | Note
-------+----------+-------------------------------------------
     0 | D:1      | kingofthe the Minotaur Fighter began the quest for the Orb.
     0 | D:1      | Reached XP level 1. HP: 19/19 MP: 0/0
   165 | D:1      | Reached XP level 2. HP: 27/27 MP: 1/1
   235 | D:1      | Found a faded altar of an unknown god.
   541 | D:2      | Reached XP level 3. HP: 31/33 MP: 2/2
   553 | D:2      | Noticed Jessica
   561 | D:2      | Killed Jessica
   794 | D:2      | Reached skill level 1 in Dodging
   977 | D:2      | Reached XP level 4. HP: 41/41 MP: 3/3
  1148 | D:2      | Identified the +10 flail of the Three Continents {vorpal,
                  | Str+2 Int-2 Dex+4}
  1450 | D:3      | Reached skill level 1 in Maces & Flails
  1493 | D:3      | Reached XP level 5. HP: 47/47 MP: 4/4
  1657 | D:3      | Noticed Robin
  1666 | D:3      | Killed Robin
  1991 | D:3      | Noticed an ogre
  1992 | D:3      | Noticed Grinder
  1993 | D:3      | Killed an ogre
  1994 | D:3      | Reached skill level 5 in Fighting
  1994 | D:3      | Reached skill level 5 in Armour
  1994 | D:3      | Reached XP level 6. HP: 56/56 MP: 5/5
  1996 | D:3      | Paralysed by Grinder for 2 turns
  2002 | D:3      | Paralysed by Grinder for 2 turns
  2009 | D:3      | Killed Grinder
  2564 | D:4      | Reached XP level 7. HP: 61/62 MP: 6/6
  2655 | D:4      | Noticed Pikel
  2666 | D:4      | HP: 2/62 [Pikel/+1 whip of flaming (2)]
  2667 | D:4      | Mangled by Pikel

Illustrated notes

Levels and vault maps discovered:
D:1:      lightli_molten_gateway, layout_basic,
          hellmonk_ecumenical_altar_heavens_door, hangedman_abyss_or_decor_stabs
D:2:      layout_loops_ring, minmay_tripent, uniq_jessica
D:3:      layout_loops_ring, grunt_ministairs_11, uniq_grinder, uniq_robin
D:4:      layout_basic, mainiacjoe_overflow_alcove_4,
          mainiacjoe_overflow_alcove_1, trog_wizard,
          nicolae_sif_muna_condensation, minmay_temple_entry_mini_moons,
          minmay_misc_feat_more_columns, uniq_pikel

Skill      XL: |  1  2  3  4  5  6 |
---------------+-------------------+-----
Armour         | 4 5 |  5.8
Shields        | 4 |  4.0
Fighting       | 4 5 |  5.7
Polearms       | 3 |  3.2
Dodging        | 1 2 3 |  3.5
Maces & Flails | 1 2 3 |  3.5

Action                   |  1- 3 |  4- 6 |  7- 9 || total
-------------------------+-------+-------+-------++-------
Melee: Trident           |    58 |       |       ||    58
       Headbutt          |     4 |     8 |     3 ||    15
       Club              |     9 |    90 |    16 ||   115
  Use: Potion            |       |       |     1 ||     1
Armor: Scale mail        |    23 |    36 |     6 ||    65
Dodge: Dodged            |    21 |    33 |     8 ||    62
Block: Buckler           |     7 |       |       ||     7
